Senateurs vs Wild

Created - 11 novembre 2020 at 11:31

Goals
1 2 3 T
Senateurs 2 0 2 4
Wild 0 1 0 1
Shots
1 2 3 T
Senateurs 16 8 10 34
Wild 6 14 11 31

1st period

1. Senateurs , Erik Haula 1 (Tanner Pearson 1, Dustin Brown 1) at 17:57
2. Senateurs , Jake Virtanen 1 (Jared McCann 1, Erik Haula 1) at 19:37

Penalties :
Brad Marchand (MIW) for Holding (Minor) at 12:54

2nd period

3. Wild , Patrice Bergeron 1 (Brad Marchand 1, Ryan Suter 1) at 19:59

Penalties :
Mattias Ekholm (MIW) for Goalie Interference (Minor) at 8:36

3rd period

4. Senateurs , Jared McCann 1 (Lucas Wallmark 1, Trevor van Riemsdyk 1) at 1:42
5. Senateurs , Erik Haula 2 (Trevor van Riemsdyk 2, Dustin Brown 2) at 10:57

Penalties :
Brad Marchand (MIW) for Roughing (Minor) at 7:09, Mattias Ekholm (MIW) for Roughing (Minor) at 11:32

Goalie Stats

Mike Smith (OTT), 30 saves from 31 shots - (0,968), W, 1-0-0, 60:00 minutes
Anton Khudobin (MIW), 30 saves from 34 shots - (0,882), L, 0-1-0, 60:00 minutes

Players Stats for Senateurs

Player Name              G  A  P  +/- PIM S  H  SB GA TA FO     MP     PP MP  PK MP  
------------------------------------------------------------------------------------
Dougie Hamilton          0  0  0   1  0   5  0  3  0  0  0/0    24:28   5:31   0:00 
Dustin Brown             0  2  2   1  0   1  2  1  0  0  0/0    17:13   2:32   0:00 
Erik Gustafsson          0  0  0   1  0   2  2  1  0  1  0/0    20:21   5:31   0:00 
Erik Haula               2  1  3   1  0   3  0  1  0  0  7/12   17:13   2:32   0:00 
Frans Nielsen            0  0  0   0  0   2  2  0  1  0  1/4    10:03   0:00   0:00 
Jake Virtanen            1  0  1   2  0   4  2  0  0  0  0/0    12:43   0:00   0:00 
Jakub Voracek            0  0  0   0  0   3  2  0  4  0  2/4    19:39   5:09   0:00 
Jared McCann             1  1  2   2  0   5  1  0  0  1  0/0    13:05   0:15   0:00 
Jason Zucker             0  0  0   0  0   0  2  0  1  0  0/1    19:47   5:13   0:00 
Loui Eriksson            0  0  0   0  0   0  0  1  0  0  0/0    10:03   0:00   0:00 
Lucas Wallmark           0  1  1   2  0   0  1  0  0  0  0/4    13:06   0:16   0:00 
Nick Holden              0  0  0   1  0   0  3  0  0  0  0/0    16:53   0:00   0:00 
Nikita Zaitsev           0  0  0   1  0   1  1  0  0  0  0/0    22:46   2:25   0:00 
Ryan Graves              0  0  0   0  0   1  0  0  1  1  0/0    20:11   2:25   0:00 
Ryan Hartman             0  0  0   0  0   0  2  1  0  0  1/2    10:03   0:00   0:00 
Steven Stamkos           0  0  0   0  0   2  3  0  1  0  12/25  19:52   5:19   0:00 
Tanner Pearson           0  1  1   1  0   4  2  0  1  1  0/0    17:13   2:32   0:00 
Trevor van Riemsdyk      0  2  2   2  0   1  0  0  0  0  0/0    15:21   0:00   0:00 

Players Stats for Wild

Player Name              G  A  P  +/- PIM S  H  SB GA TA FO     MP     PP MP  PK MP  
------------------------------------------------------------------------------------
Adrian Kempe             0  0  0   0  0   2  1  2  0  0  0/1    14:49   0:00   0:00 
Brad Marchand            0  1  1   0  4   4  2  0  0  0  1/1    17:08   0:00   1:33 
Brandon Carlo            0  0  0  -1  0   1  2  1  0  1  0/0    20:01   0:00   5:44 
Brayden McNabb           0  0  0  -2  0   0  1  3  0  3  0/0    25:09   0:00   4:54 
Chris Tierney            0  0  0   0  0   0  1  0  1  1  5/9    11:55   0:00   4:53 
Devon Toews              0  0  0  -1  0   0  1  2  0  0  0/0    14:08   0:00   0:09 
Frank Vatrano            0  0  0  -1  0   0  1  1  0  0  1/1    16:56   0:00   1:44 
Jack Eichel              0  0  0  -1  0   5  2  1  1  0  7/10   14:47   0:00   0:00 
Jesper Fast              0  0  0  -2  0   1  1  0  0  0  1/1    19:42   0:00   4:47 
Jordan Greenway          0  0  0   0  0   0  0  1  0  0  0/0     8:14   0:00   0:46 
Kevin Stenlund           0  0  0   0  0   0  0  0  0  1  0/0     7:25   0:00   0:00 
Kris Letang              0  0  0  -1  0   1  3  0  0  0  0/0    20:50   0:00   1:00 
Mattias Ekholm           0  0  0  -1  4   0  1  0  0  1  0/0    19:12   0:00   1:12 
Nikita Kucherov          0  0  0  -1  0   3  1  0  1  0  0/1    14:47   0:00   0:00 
Patrice Bergeron         1  0  1   0  0   3  1  0  0  1  9/15   14:46   0:00   0:00 
Ryan Suter               0  1  1   0  0   1  2  0  0  1  0/0    20:43   0:00   2:53 
Sean Couturier           0  0  0  -2  0   7  2  1  1  0  5/12   16:50   0:00   2:09 
T.J. Oshie               0  0  0  -2  0   3  1  0  0  0  0/1    14:38   0:00   0:00 

3 Stars

1 - Erik Haula (OTT)
2 - Jared McCann (OTT)
3 - Mike Smith (OTT)

Power Play

Senateurs - 0 on 4 Attempt(s) - 0,00%
Wild - 0 on 0 Attempt(s) - 0,00%

Penalty Kill

Senateurs - 0 on 0 Attempt(s) - 0,00% - Score 0 goal in Penalty Kill
Wild - 4 on 4 Attempt(s) - 100,00% - Score 0 goal in Penalty Kill

Team Stat

Senateurs - Hits : 25 - Faceoff Wins : 23 - Blocked Shots : 8 - Penalty Minutes : 0
Wild - Hits : 23 - Faceoff Wins : 29 - Blocked Shots : 12 - Penalty Minutes : 8

Official

Referees : Corey Syvret and Andrew Wilk
Linesman : Bryan Pancich and Luke Murray

Game Notes

19:37 of 1st period - Senateurs goal is going for a video replay. After video review, Goal.

Finance

Level 1 -- Attendance: 5046 (84,10%) -- Ticket Income 504 600 $
Level 2 -- Attendance: 4302 (86,04%) -- Ticket Income 258 120 $
Level 3 -- Attendance: 2000 (100,00%) -- Ticket Income 70 000 $
Level 4 -- Attendance: 4000 (100,00%) -- Ticket Income 80 000 $
Luxury Box -- Attendance: 739 (73,90%) -- Ticket Income 147 800 $
Game was played at the Xcel Enery Center.
Total Attendance: 16087 (89,37%)
Total Ticket Income: 1 060 520 $
Other Income: 519 655 $
Total Income: 1 580 175 $

Senateurs

5 vs 5 Forward 
   Center                   Left Wing                Right Wing               Time % Phy DF OF 
 1 Steven Stamkos           Jakub Voracek            Jason Zucker             33     1   2  2  
 2 Erik Haula               Dustin Brown             Tanner Pearson           27     1   2  2  
 3 Lucas Wallmark           Jake Virtanen            Jared McCann             22     1   2  2  
 4 Frans Nielsen            Ryan Hartman             Loui Eriksson            18     1   2  2  

5 vs 5 Defense 
   Defense                  Defense                                           Time % Phy DF OF 
 1 Dougie Hamilton          Nikita Zaitsev                                    38     1   2  2  
 2 Nick Holden              Ryan Graves                                       33     1   2  2  
 3 Erik Gustafsson          Trevor van Riemsdyk                               29     1   2  2  
 4 Nikita Zaitsev           Ryan Graves                                       0      1   2  2  

PowerPlay Forward 
   Center                   Left Wing                Right Wing               Time % Phy DF OF 
 1 Steven Stamkos           Jakub Voracek            Jason Zucker             60     1   2  2  
 2 Erik Haula               Dustin Brown             Tanner Pearson           40     1   2  2  

PowerPlay Defense
   Defense                  Defense                                           Time % Phy DF OF 
 1 Dougie Hamilton          Erik Gustafsson                                   60     1   2  2  
 2 Nikita Zaitsev           Ryan Graves                                       40     1   2  2  

Penalty Kill 4 Players Forward 
   Center                   Wing                     Time % Phy DF OF 
 1 Frans Nielsen            Loui Eriksson            60     1   2  2  
 2 Lucas Wallmark           Ryan Hartman             40     1   2  2  

Penalty Kill 4 Players Defense
   Defense                  Defense                  Time % Phy DF OF 
 1 Nikita Zaitsev           Ryan Graves              60     1   2  2  
 2 Nick Holden              Trevor van Riemsdyk      40     1   2  2  

Penalty Kill - 3 Players Forward 
   Forward                                           Time % Phy DF OF 
 1 Frans Nielsen                                     60     1   2  2  
 2 Loui Eriksson                                     40     1   2  2  

Penalty Kill - 3 Players Defense
   Defense                  Defense                  Time % Phy DF OF 
 1 Nikita Zaitsev           Ryan Graves              60     1   2  2  
 2 Nick Holden              Trevor van Riemsdyk      40     1   2  2  

4 vs 4 Forward 
   Center                   Wing                     Time % Phy DF OF 
 1 Steven Stamkos           Jakub Voracek            60     1   2  2  
 2 Dustin Brown             Jason Zucker             40     1   2  2  

4 vs 4 Defense
   Defense                  Defense                  Time % Phy DF OF 
 1 Dougie Hamilton          Nikita Zaitsev           60     1   2  2  
 2 Nick Holden              Ryan Graves              40     1   2  2  

Last Minutes Offensive
   Center                   Left Wing                Right Wing               Defense                  Defense                  
   Steven Stamkos           Jakub Voracek            Dustin Brown             Nikita Zaitsev           Dougie Hamilton          

Last Minutes Defensive
   Center                   Left Wing                Right Wing               Defense                  Defense                  
   Steven Stamkos           Jakub Voracek            Dustin Brown             Nikita Zaitsev           Dougie Hamilton          

Goaltenders
Starting : Mike Smith               
Backup : Collin Delia             

Extra Forwards
Normal : Lucas Wallmark, Jared McCann, Jake Virtanen - PP : Lucas Wallmark, Jared McCann - PK : Jake Virtanen
Extra Defensemen
Normal : Dougie Hamilton, Trevor van Riemsdyk, Nick Holden - PP : Dougie Hamilton - PK : Trevor van Riemsdyk, Nick Holden
Penalty Shots
Steven Stamkos, Jakub Voracek, Dustin Brown, Jason Zucker, Tanner Pearson
Custom OT Lines Forwards
Steven Stamkos, Jakub Voracek, Dustin Brown, Jason Zucker, Tanner Pearson, Erik Haula, Jared McCann, Jake Virtanen, Frans Nielsen, Lucas Wallmark
Custom OT Lines Defensemen
Dougie Hamilton, Nikita Zaitsev, Ryan Graves, Nick Holden, Erik Gustafsson

Scratches
Christian Folin (Healthy), Antti Suomela (Healthy), Devin Shore (Healthy)

Wild

5 vs 5 Forward 
   Center                   Left Wing                Right Wing               Time % Phy DF OF 
 1 Jack Eichel              Frank Vatrano            Nikita Kucherov          32     0   2  3  
 2 Patrice Bergeron         Brad Marchand            Adrian Kempe             32     0   2  3  
 3 Sean Couturier           T.J. Oshie               Jesper Fast              30     0   1  3  
 4 Chris Tierney            Jordan Greenway          Kevin Stenlund           6      2   3  0  

5 vs 5 Defense 
   Defense                  Defense                                           Time % Phy DF OF 
 1 Mattias Ekholm           Ryan Suter                                        37     1   2  2  
 2 Kris Letang              Brayden McNabb                                    37     1   2  2  
 3 Brandon Carlo            Devon Toews                                       26     1   2  2  
 4 Kris Letang              Ryan Suter                                        0      1   2  2  

PowerPlay Forward 
   Center                   Left Wing                Right Wing               Time % Phy DF OF 
 1 Sean Couturier           Nikita Kucherov          Jack Eichel              50     0   1  4  
 2 Patrice Bergeron         Brad Marchand            T.J. Oshie               50     0   0  5  

PowerPlay Defense
   Defense                  Defense                                           Time % Phy DF OF 
 1 Kris Letang              Mattias Ekholm                                    60     0   1  4  
 2 Devon Toews              Ryan Suter                                        40     0   2  3  

Penalty Kill 4 Players Forward 
   Center                   Wing                     Time % Phy DF OF 
 1 Chris Tierney            Jesper Fast              60     0   4  1  
 2 Sean Couturier           Brad Marchand            40     0   5  0  

Penalty Kill 4 Players Defense
   Defense                  Defense                  Time % Phy DF OF 
 1 Brayden McNabb           Brandon Carlo            60     0   4  0  
 2 Mattias Ekholm           Ryan Suter               40     0   5  0  

Penalty Kill - 3 Players Forward 
   Forward                                           Time % Phy DF OF 
 1 Chris Tierney                                     60     0   5  0  
 2 Jesper Fast                                       40     0   5  0  

Penalty Kill - 3 Players Defense
   Defense                  Defense                  Time % Phy DF OF 
 1 Brayden McNabb           Mattias Ekholm           65     0   5  0  
 2 Brandon Carlo            Ryan Suter               35     0   5  0  

4 vs 4 Forward 
   Center                   Wing                     Time % Phy DF OF 
 1 Jack Eichel              Nikita Kucherov          50     1   2  2  
 2 Patrice Bergeron         Brad Marchand            50     1   2  2  

4 vs 4 Defense
   Defense                  Defense                  Time % Phy DF OF 
 1 Mattias Ekholm           Ryan Suter               60     1   2  2  
 2 Kris Letang              Brandon Carlo            40     1   2  2  

Last Minutes Offensive
   Center                   Left Wing                Right Wing               Defense                  Defense                  
   Jack Eichel              Brad Marchand            Nikita Kucherov          Kris Letang              Ryan Suter               

Last Minutes Defensive
   Center                   Left Wing                Right Wing               Defense                  Defense                  
   Chris Tierney            Jesper Fast              Adrian Kempe             Brayden McNabb           Mattias Ekholm           

Goaltenders
Starting : Anton Khudobin           
Backup : Linus Ullmark            

Extra Forwards
Normal : Adrian Kempe, Brad Marchand, Frank Vatrano - PP : Jack Eichel, Nikita Kucherov - PK : Frank Vatrano
Extra Defensemen
Normal : Mattias Ekholm, Brandon Carlo, Brayden McNabb - PP : Kris Letang - PK : Brayden McNabb, Mattias Ekholm
Penalty Shots
T.J. Oshie, Nikita Kucherov, Patrice Bergeron, Jack Eichel, Sean Couturier
Custom OT Lines Forwards
Jack Eichel, Nikita Kucherov, Brad Marchand, Patrice Bergeron, T.J. Oshie, Sean Couturier, Frank Vatrano, Chris Tierney, Adrian Kempe, Jordan Greenway
Custom OT Lines Defensemen
Kris Letang, Ryan Suter, Mattias Ekholm, Brandon Carlo, Devon Toews

Scratches
Adam Fox (Healthy), Martin Marincin (Healthy)

% Time on Ice - Senateurs

Lines # - Real PCT - Wanted PCT - Time Play
Normal Forward
1 - 28% - 33% - 14:37
2 - 28% - 27% - 14:41
3 - 24% - 22% - 12:43
4 - 19% - 18% - 10:03
Normal Defense
1 - 36% - 38% - 18:57
2 - 33% - 33% - 16:58
3 - 29% - 29% - 15:04
4 - 2% - 0% - 1:05
PP Forward
1 - 68% - 60% - 5:24
2 - 32% - 40% - 2:32
PP Defense
1 - 70% - 60% - 5:31
2 - 30% - 40% - 2:25
PK Forward
1 - 0% - 60%
2 - 0% - 40%
PK Defense
1 - 0% - 60%
2 - 0% - 40%
PK3 Forward
1 - 0% - 60%
2 - 0% - 40%
PK3 Defense
1 - 0% - 60%
2 - 0% - 40%
44 Forward
1 - 0% - 60%
2 - 0% - 40%
44 Defense
1 - 0% - 60%
2 - 0% - 40%
Last Minute Offensive  - 0:00
Last Minute Defensive  - 0:00
Total
Forward - 60:00
Defense - 60:00

% Time on Ice - Wild

Lines # - Real PCT - Wanted PCT - Time Play
Normal Forward
1 - 29% - 32% - 15:12
2 - 28% - 32% - 14:49
3 - 28% - 30% - 14:38
4 - 14% - 6% - 7:25
Normal Defense
1 - 35% - 37% - 18:24
2 - 37% - 37% - 19:10
3 - 26% - 26% - 13:47
4 - 1% - 0% - 0:43
PP Forward
1 - 0% - 50%
2 - 0% - 50%
PP Defense
1 - 0% - 60%
2 - 0% - 40%
PK Forward
1 - 75% - 60% - 5:57
2 - 25% - 40% - 1:59
PK Defense
1 - 57% - 60% - 4:30
2 - 43% - 40% - 3:26
PK3 Forward
1 - 0% - 60%
2 - 0% - 40%
PK3 Defense
1 - 0% - 65%
2 - 0% - 35%
44 Forward
1 - 0% - 50%
2 - 0% - 50%
44 Defense
1 - 0% - 60%
2 - 0% - 40%
Last Minute Offensive  - 0:00
Last Minute Defensive  - 0:00
Total
Forward - 60:00
Defense - 60:00

Play-by-Play

1st period


0:01 of 1st period - Jack Eichel wins face-off versus Steven Stamkos in neutral zone.
0:12 of 1st period - Slapshot by Nikita Kucherov.
0:12 of 1st period - Stopped by Mike Smith with a rebound.
0:26 of 1st period - Nikita Zaitsev is hit by Patrice Bergeron and loses puck.
0:55 of 1st period - Mattias Ekholm is hit by Jared McCann and loses puck.
2:05 of 1st period - Wrist shot by Nikita Kucherov.
2:05 of 1st period - Stopped by Mike Smith with a rebound.
2:39 of 1st period - Snap shot by Jake Virtanen.
2:39 of 1st period - Stopped by Anton Khudobin without a rebound.
2:40 of 1st period - Chris Tierney wins face-off versus Lucas Wallmark in Wild zone.
3:30 of 1st period - Snap shot by Patrice Bergeron.
3:30 of 1st period - Shot Misses the Net.
3:34 of 1st period - Wrist shot by Jack Eichel.
3:34 of 1st period - Stopped by Mike Smith with a rebound.
3:53 of 1st period - Off-side.
3:54 of 1st period - Sean Couturier wins face-off versus Frans Nielsen in neutral zone.
3:56 of 1st period - Off-side.
3:57 of 1st period - Sean Couturier wins face-off versus Frans Nielsen in neutral zone.
3:59 of 1st period - Off-side.
4:00 of 1st period - Steven Stamkos wins face-off versus Sean Couturier in neutral zone.
4:33 of 1st period - Snap shot by Dougie Hamilton.
4:33 of 1st period - Shot Misses the Net.
5:03 of 1st period - Wrist shot by Dustin Brown.
5:03 of 1st period - Deflect By Tanner Pearson.
5:03 of 1st period - Stopped by Anton Khudobin with a rebound.
5:13 of 1st period - Snap shot by Steven Stamkos.
5:13 of 1st period - Stopped by Anton Khudobin without a rebound.
5:14 of 1st period - Steven Stamkos wins face-off versus Nikita Kucherov in Wild zone.
5:41 of 1st period - Wrist shot by Jared McCann.
5:41 of 1st period - Shot Misses the Net.
6:01 of 1st period - Slapshot by T.J. Oshie.
6:01 of 1st period - Shot Misses the Net.
6:03 of 1st period - Slapshot by Kris Letang.
6:03 of 1st period - Stopped by Mike Smith without a rebound.
6:04 of 1st period - Steven Stamkos wins face-off versus Sean Couturier in Senateurs zone.
6:15 of 1st period - Steven Stamkos is hit by T.J. Oshie and loses puck.
6:53 of 1st period - Wrist shot by Jared McCann.
6:53 of 1st period - Stopped by Anton Khudobin with a rebound.
6:55 of 1st period - Wrist shot by Trevor van Riemsdyk.
6:55 of 1st period - Stopped by Anton Khudobin without a rebound.
6:56 of 1st period - Patrice Bergeron wins face-off versus Lucas Wallmark in Wild zone.
7:01 of 1st period - Lucas Wallmark is hit by Brad Marchand.
7:07 of 1st period - Slapshot by Jared McCann.
7:07 of 1st period - Shot Blocked by Adrian Kempe.
7:09 of 1st period - Snap shot by Dougie Hamilton.
7:09 of 1st period - Stopped by Anton Khudobin without a rebound.
7:10 of 1st period - Jesper Fast wins face-off versus Steven Stamkos in Wild zone.
7:10 of 1st period - Jesper Fast is hit by Jason Zucker.
8:42 of 1st period - Sean Couturier is hit by Ryan Hartman and loses puck.
8:59 of 1st period - Nick Holden is hit by Jack Eichel and loses puck.
9:38 of 1st period - Icing by Ryan Graves.
9:39 of 1st period - Erik Haula wins face-off versus Sean Couturier in Senateurs zone.
10:29 of 1st period - Adrian Kempe is hit by Tanner Pearson and loses puck.
10:38 of 1st period - Wrist shot by Erik Haula.
10:38 of 1st period - Deflect By Tanner Pearson.
10:38 of 1st period - Shot Misses the Net.
10:38 of 1st period - Puck is out of play.
10:39 of 1st period - Steven Stamkos wins face-off versus Sean Couturier in Wild zone.
10:40 of 1st period - Snap shot by Jakub Voracek.
10:40 of 1st period - Stopped by Anton Khudobin with a rebound.
11:13 of 1st period - Frank Vatrano is hit by Nick Holden and loses puck.
11:27 of 1st period - Off-side.
11:28 of 1st period - Erik Haula wins face-off versus Patrice Bergeron in neutral zone.
11:43 of 1st period - Wrist shot by Brad Marchand.
11:43 of 1st period - Shot Misses the Net.
11:45 of 1st period - Snap shot by Adrian Kempe.
11:45 of 1st period - Stopped by Mike Smith without a rebound.
11:46 of 1st period - Jack Eichel wins face-off versus Jakub Voracek in Senateurs zone.
12:11 of 1st period - Sean Couturier is hit by Jake Virtanen and loses puck.
12:32 of 1st period - Wrist shot by Brad Marchand.
12:32 of 1st period - Stopped by Mike Smith without a rebound.
12:33 of 1st period - Patrice Bergeron wins face-off versus Frans Nielsen in Senateurs zone.
12:34 of 1st period - Slapshot by Brad Marchand.
12:34 of 1st period - Shot Blocked by Dougie Hamilton.
12:54 of 1st period - Minor Penalty to Brad Marchand for Holding.
12:55 of 1st period - Chris Tierney wins face-off versus Jakub Voracek in Wild zone.
13:08 of 1st period - Snap shot by Jakub Voracek.
13:08 of 1st period - Stopped by Anton Khudobin without a rebound.
13:09 of 1st period - Chris Tierney wins face-off versus Steven Stamkos in Wild zone.
13:20 of 1st period - Chris Tierney is hit by Steven Stamkos and loses puck.
14:54 of 1st period - Penalty to Brad Marchand is over, Brad Marchand is back on ice.
15:07 of 1st period - Wrist shot by Jake Virtanen.
15:07 of 1st period - Shot Misses the Net.
15:09 of 1st period - Snap shot by Ryan Graves.
15:09 of 1st period - Deflect By Jake Virtanen.
15:09 of 1st period - Stopped by Anton Khudobin with a rebound.
15:23 of 1st period - Icing by Frans Nielsen.
15:24 of 1st period - Ryan Hartman wins face-off versus Patrice Bergeron in Senateurs zone.
15:44 of 1st period - Snap shot by Jake Virtanen.
15:44 of 1st period - Stopped by Anton Khudobin with a rebound.
16:37 of 1st period - Snap shot by Erik Haula.
16:37 of 1st period - Stopped by Anton Khudobin without a rebound.
16:38 of 1st period - Sean Couturier wins face-off versus Erik Haula in Wild zone.
16:45 of 1st period - Snap shot by Tanner Pearson.
16:45 of 1st period - Stopped by Anton Khudobin with a rebound.
16:47 of 1st period - Wrist shot by Tanner Pearson.
16:47 of 1st period - Stopped by Anton Khudobin without a rebound.
16:48 of 1st period - Sean Couturier wins face-off versus Erik Haula in Wild zone.
17:09 of 1st period - Snap shot by Erik Haula.
17:09 of 1st period - Shot Misses the Net.
17:11 of 1st period - Snap shot by Dustin Brown.
17:11 of 1st period - Shot Misses the Net.
17:13 of 1st period - Slapshot by Tanner Pearson.
17:13 of 1st period - Shot Misses the Net.
17:15 of 1st period - Wrist shot by Erik Haula.
17:15 of 1st period - Shot Misses the Net.
17:17 of 1st period - Wrist shot by Tanner Pearson.
17:17 of 1st period - Shot Blocked by Devon Toews.
17:55 of 1st period - Snap shot by Erik Haula.
17:55 of 1st period - Shot Blocked by Devon Toews.
17:57 of 1st period - Slapshot by Erik Haula.
17:57 of 1st period - Goal by Erik Haula - Senateurs : 1 - Wild : 0.
17:58 of 1st period - Jakub Voracek wins face-off versus Jack Eichel in neutral zone.
18:03 of 1st period - Slapshot by Jakub Voracek.
18:03 of 1st period - Stopped by Anton Khudobin with a rebound.
18:49 of 1st period - Slapshot by Kris Letang.
18:49 of 1st period - Shot Misses the Net.
19:37 of 1st period - Wrist shot by Jake Virtanen.
19:37 of 1st period - Senateurs goal is going for a video replay.
19:37 of 1st period - The goal is good.
19:37 of 1st period - Goal by Jake Virtanen - Senateurs : 2 - Wild : 0.
19:38 of 1st period - Jack Eichel wins face-off versus Steven Stamkos in neutral zone.
19:41 of 1st period - Trevor van Riemsdyk is hit by Nikita Kucherov.
Goals for this period are 2 for Senateurs vs 0 for Wild.
Shots for this period are 16 for Senateurs vs 6 for Wild.

2nd period


0:01 of 2nd period - Jack Eichel wins face-off versus Steven Stamkos in neutral zone.
0:09 of 2nd period - Jack Eichel is hit by Steven Stamkos and loses puck.
0:30 of 2nd period - Brayden McNabb is hit by Ryan Hartman and loses puck.
1:18 of 2nd period - Slapshot by Nikita Kucherov.
1:18 of 2nd period - Shot Misses the Net.
2:20 of 2nd period - Wrist shot by Frans Nielsen.
2:20 of 2nd period - Stopped by Anton Khudobin with a rebound.
2:22 of 2nd period - Snap shot by Frans Nielsen.
2:22 of 2nd period - Shot Blocked by Brandon Carlo.
3:09 of 2nd period - Dougie Hamilton is hit by Brayden McNabb and loses puck.
3:32 of 2nd period - Slapshot by Ryan Suter.
3:32 of 2nd period - Deflect By Jake Virtanen.
3:32 of 2nd period - Stopped by Mike Smith with a rebound.
3:48 of 2nd period - Ryan Suter is hit by Jakub Voracek and loses puck.
4:41 of 2nd period - Slapshot by Dougie Hamilton.
4:41 of 2nd period - Stopped by Anton Khudobin with a rebound.
5:20 of 2nd period - Wrist shot by Jack Eichel.
5:20 of 2nd period - Stopped by Mike Smith with a rebound.
6:01 of 2nd period - Off-side.
6:02 of 2nd period - Steven Stamkos wins face-off versus Chris Tierney in neutral zone.
6:11 of 2nd period - Snap shot by Steven Stamkos.
6:11 of 2nd period - Shot Blocked by Jordan Greenway.
6:27 of 2nd period - Erik Haula is hit by Devon Toews and loses puck.
6:40 of 2nd period - Snap shot by Jack Eichel.
6:40 of 2nd period - Stopped by Mike Smith with a rebound.
7:11 of 2nd period - Snap shot by Sean Couturier.
7:11 of 2nd period - Shot Misses the Net.
7:13 of 2nd period - Backhand shot by Brandon Carlo.
7:13 of 2nd period - Stopped by Mike Smith with a rebound.
7:15 of 2nd period - Wrist shot by T.J. Oshie.
7:15 of 2nd period - Stopped by Mike Smith without a rebound.
7:16 of 2nd period - Frans Nielsen wins face-off versus Sean Couturier in Senateurs zone.
7:16 of 2nd period - Frans Nielsen is hit by Jesper Fast.
7:24 of 2nd period - Slapshot by Frans Nielsen.
7:24 of 2nd period - Stopped by Anton Khudobin without a rebound.
7:25 of 2nd period - Steven Stamkos wins face-off versus Sean Couturier in Wild zone.
7:32 of 2nd period - Slapshot by Jakub Voracek.
7:32 of 2nd period - Shot Blocked by Sean Couturier.
7:48 of 2nd period - Slapshot by Sean Couturier.
7:48 of 2nd period - Stopped by Mike Smith with a rebound.
8:33 of 2nd period - Snap shot by Jake Virtanen.
8:33 of 2nd period - Deflect By Jared McCann.
8:33 of 2nd period - Shot Misses the Net.
8:33 of 2nd period - Puck is out of play.
8:34 of 2nd period - Jakub Voracek wins face-off versus Jack Eichel in Wild zone.
8:36 of 2nd period - Minor Penalty to Mattias Ekholm for Goalie Interference.
8:37 of 2nd period - Steven Stamkos wins face-off versus Chris Tierney in Wild zone.
8:47 of 2nd period - Jakub Voracek is hit by Brandon Carlo and loses puck.
9:02 of 2nd period - Brayden McNabb is hit by Dustin Brown and loses puck.
10:36 of 2nd period - Penalty to Mattias Ekholm is over, Mattias Ekholm is back on ice.
10:44 of 2nd period - Wrist shot by Jack Eichel.
10:44 of 2nd period - Shot Misses the Net.
11:28 of 2nd period - Erik Gustafsson is hit by Kris Letang.
11:49 of 2nd period - Sean Couturier is hit by Jason Zucker and loses puck.
12:00 of 2nd period - Frans Nielsen is hit by Chris Tierney and loses puck.
12:15 of 2nd period - Jack Eichel is hit by Nick Holden and loses puck.
12:30 of 2nd period - Jake Virtanen is hit by Kris Letang and loses puck.
12:51 of 2nd period - Jesper Fast is hit by Lucas Wallmark and loses puck.
13:02 of 2nd period - Snap shot by Dougie Hamilton.
13:02 of 2nd period - Shot Misses the Net.
13:12 of 2nd period - Slapshot by Sean Couturier.
13:12 of 2nd period - Shot Misses the Net.
13:42 of 2nd period - Slapshot by Sean Couturier.
13:42 of 2nd period - Stopped by Mike Smith without a rebound.
13:43 of 2nd period - Patrice Bergeron wins face-off versus Steven Stamkos in Senateurs zone.
13:44 of 2nd period - Wrist shot by Adrian Kempe.
13:44 of 2nd period - Stopped by Mike Smith without a rebound.
13:45 of 2nd period - Steven Stamkos wins face-off versus Patrice Bergeron in Senateurs zone.
14:12 of 2nd period - Nikita Zaitsev is hit by Jack Eichel and loses puck.
14:54 of 2nd period - Slapshot by Dougie Hamilton.
14:54 of 2nd period - Shot Misses the Net.
15:15 of 2nd period - Dustin Brown is hit by Ryan Suter and loses puck.
15:44 of 2nd period - Snap shot by Tanner Pearson.
15:44 of 2nd period - Stopped by Anton Khudobin without a rebound.
15:45 of 2nd period - Sean Couturier wins face-off versus Steven Stamkos in Wild zone.
15:56 of 2nd period - Wrist shot by Sean Couturier.
15:56 of 2nd period - Stopped by Mike Smith with a rebound.
15:58 of 2nd period - Backhand shot by T.J. Oshie.
15:58 of 2nd period - Shot Misses the Net.
16:34 of 2nd period - Off-side.
16:35 of 2nd period - Patrice Bergeron wins face-off versus Ryan Hartman in neutral zone.
16:48 of 2nd period - Snap shot by Patrice Bergeron.
16:48 of 2nd period - Shot Misses the Net.
16:50 of 2nd period - Slapshot by Adrian Kempe.
16:50 of 2nd period - Shot Blocked by Loui Eriksson.
16:52 of 2nd period - Snap shot by Patrice Bergeron.
16:52 of 2nd period - Shot Blocked by Ryan Hartman.
16:54 of 2nd period - Wrist shot by Brad Marchand.
16:54 of 2nd period - Stopped by Mike Smith without a rebound.
16:55 of 2nd period - Erik Haula wins face-off versus Jack Eichel in Senateurs zone.
17:02 of 2nd period - Wrist shot by Dustin Brown.
17:02 of 2nd period - Shot Blocked by Jack Eichel.
17:04 of 2nd period - Slapshot by Dustin Brown.
17:04 of 2nd period - Stopped by Anton Khudobin with a rebound.
17:06 of 2nd period - Wrist shot by Dustin Brown.
17:06 of 2nd period - Shot Hit the Post.
17:08 of 2nd period - Snap shot by Dustin Brown.
17:08 of 2nd period - Shot Misses the Net.
17:10 of 2nd period - Slapshot by Nikita Zaitsev.
17:10 of 2nd period - Stopped by Anton Khudobin with a rebound.
17:28 of 2nd period - Wrist shot by Brad Marchand.
17:28 of 2nd period - Stopped by Mike Smith with a rebound.
18:14 of 2nd period - Slapshot by Jack Eichel.
18:14 of 2nd period - Stopped by Mike Smith with a rebound.
18:40 of 2nd period - Snap shot by Jakub Voracek.
18:40 of 2nd period - Shot Misses the Net.
18:56 of 2nd period - Wrist shot by Steven Stamkos.
18:56 of 2nd period - Stopped by Anton Khudobin without a rebound.
18:57 of 2nd period - Patrice Bergeron wins face-off versus Erik Haula in Wild zone.
19:06 of 2nd period - Snap shot by Patrice Bergeron.
19:06 of 2nd period - Stopped by Mike Smith without a rebound.
19:07 of 2nd period - Erik Haula wins face-off versus Patrice Bergeron in Senateurs zone.
19:07 of 2nd period - Erik Haula is hit by Mattias Ekholm.
19:17 of 2nd period - Adrian Kempe is hit by Nick Holden and loses puck.
19:22 of 2nd period - Wrist shot by Dustin Brown.
19:22 of 2nd period - Shot Blocked by Adrian Kempe.
19:24 of 2nd period - Slapshot by Ryan Graves.
19:24 of 2nd period - Stopped by Anton Khudobin without a rebound.
19:25 of 2nd period - Jack Eichel wins face-off versus Lucas Wallmark in Wild zone.
19:59 of 2nd period - Snap shot by Patrice Bergeron.
19:59 of 2nd period - Goal by Patrice Bergeron - Senateurs : 2 - Wild : 1.
Goals for this period are 0 for Senateurs vs 1 for Wild.
Shots for this period are 8 for Senateurs vs 14 for Wild.

3rd period


0:01 of 3rd period - Jack Eichel wins face-off versus Jason Zucker in neutral zone.
1:03 of 3rd period - Wrist shot by T.J. Oshie.
1:03 of 3rd period - Stopped by Mike Smith with a rebound.
1:28 of 3rd period - Wrist shot by Jared McCann.
1:28 of 3rd period - Stopped by Anton Khudobin with a rebound.
1:34 of 3rd period - Snap shot by Lucas Wallmark.
1:34 of 3rd period - Shot Blocked by Brayden McNabb.
1:36 of 3rd period - Snap shot by Erik Gustafsson.
1:36 of 3rd period - Stopped by Anton Khudobin with a rebound.
1:38 of 3rd period - Slapshot by Trevor van Riemsdyk.
1:38 of 3rd period - Shot Misses the Net.
1:40 of 3rd period - Wrist shot by Lucas Wallmark.
1:40 of 3rd period - Shot Misses the Net.
1:42 of 3rd period - Wrist shot by Jared McCann.
1:42 of 3rd period - Goal by Jared McCann - Senateurs : 3 - Wild : 1.
1:43 of 3rd period - Frank Vatrano wins face-off versus Steven Stamkos in neutral zone.
1:46 of 3rd period - Jason Zucker is hit by Frank Vatrano and loses puck.
1:58 of 3rd period - Frank Vatrano is hit by Steven Stamkos and loses puck.
2:09 of 3rd period - Jack Eichel is hit by Nikita Zaitsev and loses puck.
2:54 of 3rd period - Snap shot by Jack Eichel.
2:54 of 3rd period - Stopped by Mike Smith without a rebound.
2:55 of 3rd period - Steven Stamkos wins face-off versus Patrice Bergeron in Senateurs zone.
3:16 of 3rd period - Off-side.
3:17 of 3rd period - Erik Haula wins face-off versus Sean Couturier in neutral zone.
3:22 of 3rd period - Wrist shot by Sean Couturier.
3:22 of 3rd period - Stopped by Mike Smith without a rebound.
3:23 of 3rd period - Erik Haula wins face-off versus T.J. Oshie in Senateurs zone.
3:30 of 3rd period - Erik Gustafsson is hit by Sean Couturier and loses puck.
4:23 of 3rd period - Wrist shot by T.J. Oshie.
4:23 of 3rd period - Stopped by Mike Smith with a rebound.
4:25 of 3rd period - Backhand shot by Kris Letang.
4:25 of 3rd period - Shot Blocked by Dustin Brown.
4:27 of 3rd period - Snap shot by Kris Letang.
4:27 of 3rd period - Shot Blocked by Erik Haula.
4:29 of 3rd period - Slapshot by Kris Letang.
4:29 of 3rd period - Shot Misses the Net.
4:47 of 3rd period - Wrist shot by Sean Couturier.
4:47 of 3rd period - Stopped by Mike Smith with a rebound.
4:49 of 3rd period - Snap shot by Jesper Fast.
4:49 of 3rd period - Deflect By T.J. Oshie.
4:49 of 3rd period - Shot Blocked by Erik Gustafsson.
4:49 of 3rd period - Puck is out of play.
4:50 of 3rd period - Patrice Bergeron wins face-off versus Steven Stamkos in Senateurs zone.
5:01 of 3rd period - Nick Holden is hit by Ryan Suter.
5:51 of 3rd period - Icing by Dougie Hamilton.
5:52 of 3rd period - Patrice Bergeron wins face-off versus Lucas Wallmark in Senateurs zone.
7:04 of 3rd period - Slapshot by Erik Gustafsson.
7:04 of 3rd period - Shot Misses the Net.
7:09 of 3rd period - Minor Penalty to Brad Marchand for Roughing.
7:10 of 3rd period - Steven Stamkos wins face-off versus Chris Tierney in Wild zone.
7:14 of 3rd period - Wrist shot by Jakub Voracek.
7:14 of 3rd period - Shot Misses the Net.
7:16 of 3rd period - Wrist shot by Erik Gustafsson.
7:16 of 3rd period - Deflect By Chris Tierney.
7:16 of 3rd period - Stopped by Anton Khudobin with a rebound.
7:18 of 3rd period - Slapshot by Dougie Hamilton.
7:18 of 3rd period - Stopped by Anton Khudobin without a rebound.
7:19 of 3rd period - Chris Tierney wins face-off versus Steven Stamkos in Wild zone.
7:19 of 3rd period - Chris Tierney is hit by Erik Gustafsson.
8:45 of 3rd period - Snap shot by Sean Couturier.
8:45 of 3rd period - Stopped by Mike Smith with a rebound.
8:47 of 3rd period - Snap shot by Sean Couturier.
8:47 of 3rd period - Stopped by Mike Smith with a rebound.
9:09 of 3rd period - Penalty to Brad Marchand is over, Brad Marchand is back on ice.
9:11 of 3rd period - Snap shot by Dougie Hamilton.
9:11 of 3rd period - Stopped by Anton Khudobin without a rebound.
9:12 of 3rd period - Patrice Bergeron wins face-off versus Erik Haula in Wild zone.
9:19 of 3rd period - Erik Haula is hit by Adrian Kempe and loses puck.
9:41 of 3rd period - Slapshot by Ryan Graves.
9:41 of 3rd period - Shot Hit the Post.
9:46 of 3rd period - Ryan Suter is hit by Frans Nielsen and loses puck.
10:16 of 3rd period - Frans Nielsen is hit by Brad Marchand and loses puck.
10:37 of 3rd period - Backhand shot by Jared McCann.
10:37 of 3rd period - Stopped by Anton Khudobin with a rebound.
10:49 of 3rd period - Wrist shot by Tanner Pearson.
10:49 of 3rd period - Shot Misses the Net.
10:51 of 3rd period - Snap shot by Tanner Pearson.
10:51 of 3rd period - Shot Blocked by Brayden McNabb.
10:53 of 3rd period - Wrist shot by Dustin Brown.
10:53 of 3rd period - Shot Blocked by Frank Vatrano.
10:55 of 3rd period - Slapshot by Trevor van Riemsdyk.
10:55 of 3rd period - Shot Blocked by Brayden McNabb.
10:57 of 3rd period - Snap shot by Erik Haula.
10:57 of 3rd period - Goal by Erik Haula - Senateurs : 4 - Wild : 1.
10:58 of 3rd period - Erik Haula wins face-off versus Adrian Kempe in neutral zone.
11:01 of 3rd period - Snap shot by Erik Gustafsson.
11:01 of 3rd period - Shot Misses the Net.
11:09 of 3rd period - Wrist shot by Brad Marchand.
11:09 of 3rd period - Stopped by Mike Smith without a rebound.
11:10 of 3rd period - Brad Marchand wins face-off versus Steven Stamkos in Senateurs zone.
11:32 of 3rd period - Minor Penalty to Mattias Ekholm for Roughing.
11:33 of 3rd period - Steven Stamkos wins face-off versus Chris Tierney in Wild zone.
11:46 of 3rd period - Snap shot by Chris Tierney.
11:46 of 3rd period - Shot Blocked by Dougie Hamilton.
11:48 of 3rd period - Wrist shot by Jesper Fast.
11:48 of 3rd period - Stopped by Mike Smith without a rebound.
11:49 of 3rd period - Chris Tierney wins face-off versus Steven Stamkos in Senateurs zone.
12:35 of 3rd period - Ryan Suter is hit by Dustin Brown and loses puck.
13:32 of 3rd period - Penalty to Mattias Ekholm is over, Mattias Ekholm is back on ice.
13:48 of 3rd period - Jack Eichel is hit by Frans Nielsen and loses puck.
14:01 of 3rd period - Wrist shot by Jared McCann.
14:01 of 3rd period - Stopped by Anton Khudobin with a rebound.
14:19 of 3rd period - Ryan Graves is hit by Kris Letang and loses puck.
14:45 of 3rd period - Jason Zucker is hit by Brandon Carlo and loses puck.
15:48 of 3rd period - Jakub Voracek is hit by Sean Couturier and loses puck.
16:17 of 3rd period - Ryan Suter is hit by Tanner Pearson and loses puck.
16:32 of 3rd period - Chris Tierney is hit by Jakub Voracek and loses puck.
16:43 of 3rd period - Kevin Stenlund is hit by Erik Gustafsson and loses puck.
17:14 of 3rd period - Icing by Nikita Zaitsev.
17:15 of 3rd period - Jack Eichel wins face-off versus Erik Haula in Senateurs zone.
17:28 of 3rd period - Wrist shot by Jack Eichel.
17:28 of 3rd period - Shot Misses the Net.
17:30 of 3rd period - Wrist shot by Frank Vatrano.
17:30 of 3rd period - Shot Blocked by Dougie Hamilton.
17:32 of 3rd period - Wrist shot by Nikita Kucherov.
17:32 of 3rd period - Stopped by Mike Smith without a rebound.
17:33 of 3rd period - Patrice Bergeron wins face-off versus Steven Stamkos in Senateurs zone.
18:25 of 3rd period - T.J. Oshie is hit by Jake Virtanen and loses puck.
18:38 of 3rd period - Slapshot by Dougie Hamilton.
18:38 of 3rd period - Stopped by Anton Khudobin without a rebound.
18:39 of 3rd period - Steven Stamkos wins face-off versus Patrice Bergeron in Wild zone.
19:59 of 3rd period - Wrist shot by Patrice Bergeron.
19:59 of 3rd period - Stopped by Mike Smith without a rebound.
Goals for this period are 2 for Senateurs vs 0 for Wild.
Shots for this period are 10 for Senateurs vs 11 for Wild.